 Dungeon Crawl Stone Soup version 0.23.0-3-gf3c87f2df8 (webtiles) character file.

Game seed: 16080821764852412885

315332 MagicGaucho the Slayer (level 20, -7/180 HPs)
             Began as a Demonspawn Abyssal Knight on Feb 23, 2019.
             Was the Champion of Lugonu.
             Hit by a large rock thrown by a stone giant (16 damage)
             ... on level 2 of the Depths.
             The game lasted 01:49:47 (48537 turns).

MagicGaucho the Slayer (Demonspawn Abyssal Knight) Turns: 48537, Time: 01:49:47

Health: -7/180     AC: 35    Str: 21    XL:     20   Next: 50%
Magic:  34/34      EV: 13    Int: 14    God:    Lugonu [******]
Gold:   3363       SH:  0    Dex: 13    Spells: 19/19 levels left

rFire    + . .     SeeInvis .   N - +5 lajatang (speed)
rCold    + . .     Gourm    .   (shield currently unavailable)
rNeg     + . .     Faith    +   W - +6 plate armour of the Trees {Regen+ Slay+6}
rPois    .         Spirit   .   i - +2 hat
rElec    .         Reflect  .   C - +1 cloak {rF+}
rCorr    .         Harm     .   V - +1 pair of gloves
MR       ++...                  I - +2 pair of boots
Stlth    ..........             K - amulet of faith
HPRegen  0.80/turn              L - ring of protection from magic
MPRegen  0.24/turn              X - ring of positive energy

@: lethally poisoned (-7 -> -7), very slightly contaminated, slowed, very slow
A: antennae 2, thin metallic scales 1, cold resistance 1, demonic guardian 2,
powered by death 2, freezing cloud immunity
}: 2/15 runes: decaying, gossamer
a: Depart the Abyss, Bend Space, Banish, Corrupt, Enter the Abyss, Brand Weapon
With Distortion, Renounce Religion


You were on level 2 of the Depths.
You worshipped Lugonu.
Lugonu was exalted by your worship.
You were hungry.

You visited 8 branches of the dungeon, and saw 39 of its levels.
You visited the Abyss 2 times.
You also visited: Sewer and Volcano.

You collected 5178 gold pieces.
You spent 1815 gold pieces at shops.

Inventory:

Hand Weapons
 s - the cursed +3 lajatang of Fabuc {freeze, +Blink rF- SInv}
   (You bought it in a shop on level 3 of the Elven Halls)

   It has been specially enchanted to freeze those struck by it, causing extra
   injury to most foes and up to half again as much damage against particularly
   susceptible opponents.
   It can also slow down cold-blooded creatures.
   It makes you vulnerable to fire.
   It lets you see invisible.
   It lets you blink.
   It has a curse placed upon it.
 N - a +5 lajatang of speed (weapon)
Missiles
 H - 2 throwing nets (quivered)
Armour
 i - a +2 hat (worn)
 k - the +2 ratskin cloak {+Rats rPois rN+ Str-1 Int-1 Dex+1}
   (You bought it in a shop on level 2 of the Orcish Mines)

   It affects your strength (-1).
   It affects your intelligence (-1).
   It affects your dexterity (+1).
   It protects you from poison.
   It protects you from negative energy.
 C - a +1 cloak of fire resistance (worn)
 I - a +2 pair of boots (worn)
 O - a +0 shield
 P - a scarf of cloud immunity
 V - a +1 pair of gloves (worn)
 W - the +6 plate armour of the Trees (worn) {Regen+ Slay+6}
   (You bought it in a shop on level 7 of the Dungeon)

   It affects your accuracy and damage with ranged weapons and melee attacks
   (+6).
   It increases your rate of regeneration.
Jewellery
 K - an amulet of faith (around neck)
 L - a ring of protection from magic (left hand)
 X - a ring of positive energy (right hand)
 Y - an uncursed ring of protection from cold {unknown}
Wands
 a - a wand of iceblast (6)
 h - a wand of scattershot (4)
 R - a wand of digging (3)
Scrolls
 b - 2 scrolls of vulnerability
 e - 24 scrolls of remove curse
 l - 5 scrolls of blinking
 m - 3 scrolls of immolation
 n - 12 scrolls of fog
 q - 6 scrolls of teleportation
 t - 14 scrolls of magic mapping
 B - 7 scrolls of fear
 G - 3 scrolls of enchant weapon
 J - 2 scrolls of summoning {unknown}
 T - 5 scrolls of enchant armour {unknown}
 Z - a scroll of torment {unknown}
Potions
 d - 4 potions of invisibility
 g - 8 potions of heal wounds
 o - 5 potions of agility
 p - 2 potions of mutation
 r - 10 potions of curing
 u - 4 potions of flight
 v - 3 potions of resistance
 z - 4 potions of might
 D - 2 potions of cancellation
 E - 4 potions of haste
 F - 6 potions of ambrosia
 M - a potion of berserk rage
Comestibles
 c - 47 rations
 f - a chunk of flesh


   Skills:
 + Level 21.0 Fighting
   Level 12.0(13.9) Polearms
 - Level 12.1(14.0) Staves
 + Level 13.9 Armour
 + Level 13.8 Dodging
 - Level 20.0 Invocations


You had 19 spell levels left.
You didn't know any spells.
Your spell library contained the following spells:

 Spells                   Type           Power        Failure   Level  Hunger
 Apportation              Tloc           #.....       97%         1    ##.....
 Corona                   Hex            #......      97%         1    ##.....
 Flame Tongue             Conj/Fire      #....        97%         1    ##.....
 Sandblast                Erth           #.....       97%         1    ##.....
 Summon Butterflies       Summ           #.......     97%         1    ##.....
 Ensorcelled Hibernation  Hex/Ice        #.....       99%         2    ###....
 Passwall                 Tmut/Erth      #.......     99%         2    ###....
 Throw Flame              Conj/Fire      #.....       99%         2    ###....
 Confuse                  Hex            #.......     100%        3    ####...
 Conjure Flame            Conj/Fire      #.......     100%        3    ####...
 Dazzling Spray           Conj/Hex       #.....       100%        3    ####...
 Inner Flame              Hex/Fire       #.......     100%        3    ####...
 Lesser Beckoning         Tloc           #.........   100%        3    ####...
 Stone Arrow              Conj/Erth      #.....       100%        3    ####...
 Tukima's Dance           Hex            #.......     100%        3    ####...
 Cause Fear               Hex            #.........   100%        4    #####..
 Leda's Liquefaction      Hex/Erth       #.........   100%        4    #####..
 Petrify                  Tmut/Erth      #.......     100%        4    #####..
 Sticky Flame             Conj/Fire      #.......     100%        4    #####..
 Summon Lightning Spire   Summ/Air       #.......     100%        4    #####..
 Throw Icicle             Conj/Ice       #.......     100%        4    #####..
 Alistair's Intoxication  Tmut/Pois      #.......     100%        5    ######.
 Bolt of Magma            Conj/Fire/Erth #.........   100%        5    ######.
 Fireball                 Conj/Fire      #.........   100%        5    ######.
 Iskenderun's Battlesphe  Conj/Chrm      #.......     100%        5    ######.
 Lee's Rapid Deconstruct  Erth           #.........   100%        5    ######.
 Silence                  Hex/Air        #.........   100%        5    ######.
 Venom Bolt               Conj/Pois      #.........   100%        5    ######.
 Bolt of Fire             Conj/Fire      #.........   100%        6    #######
 Conjure Ball Lightning   Conj/Air       #.........   100%        6    #######
 Deflect Missiles         Chrm/Air       #.........   100%        6    #######
 Freezing Cloud           Conj/Ice/Air   #.........   100%        6    #######
 Invisibility             Hex            #.......     100%        6    #######
 Iron Shot                Conj/Erth      #.........   100%        6    #######
 Dragon Form              Tmut           #.........   100%        7    #######
 Orb of Destruction       Conj           #.........   100%        7    #######
 Spellforged Servitor     Conj/Summ      #.........   100%        7    #######
 Dragon's Call            Summ           #.........   100%        9    #######
 Tornado                  Air            #.........   100%        9    #######


Dungeon Overview and Level Annotations

Branches:
Dungeon (15/15)            Temple (0/1) D:4            Lair (6/6) D:10
  Swamp (4/4) Lair:4       Spider (4/4) Lair:4        Slime (0/5) Lair:5
    Orc (2/2) D:11            Elf (3/3) Orc:2        Vaults (3/5) D:13
  Crypt (0/3) Vaults:2     Depths (2/5) D:15

Altars:
Ashenzari
Cheibriados
Dithmenos
Fedhas
Hepliaklqana
Okawaru
Ru
Sif Muna
Uskayaw
Vehumet
Wu Jian
Xom
Yredelemnul
The Shining One
Jiyva
Lugonu

Shops:
D:5 }   D:6 [   D:7 [   D:10 *[!(   Orc:1 =   Orc:2 [!::   Elf:3 *   Vaults:2 (
Depths:1 [(

Portals:
Hell: Depths:1 Depths:2
Abyss: Depths:2
Ziggurat: Depths:2
Trove: D:14 (give +4 demon whip)

Annotations:
D:4 2 runed translucent doors, Crazy Yiuf; paperworker's ghost, amateur VSFi
Lair:5 1 runed translucent door
Swamp:2 1 runed translucent door, guttsta's ghost, adept GnWn
Spider:4 corrupted
Orc:1 2 transporters, yrara's ghost, journeyman DsFi
Elf:2 exclusion: 3 doors
Elf:3 corrupted
Vaults:1 exclusion: 2 downstairs
Vaults:2 exclusion: downstairs, Sojobo
Vaults:3 Xtahua
Depths:1 exclusion: orange crystal statue
Abyss:1 Nessos; Psyche


Innate Abilities, Weirdness & Mutations

You have a pair of antennae on your head.
You are partially covered in thin metallic scales. (AC +2)
Your flesh is cold resistant. (rC+)
A demonic guardian rushes to your aid.
You regenerate health from kills.
You are immune to freezing clouds.


Message History

Your sixfirhy misses the brown very ugly thing.
The brown very ugly thing claws you but does no damage.
Your surroundings suddenly seem different.
You feel sick.
You feel sick.
There is an open door here.
You feel sick.
You enter the shallow water.
Moving in this stuff is going to be slow.
You feel sick.
You feel sick.
You feel sick.
A stone giant comes into view.
You feel sick.
You feel sick.
The stone giant throws a large rock.
The large rock hits you!!
* * * LOW HITPOINT WARNING * * *
The stone giant throws a large rock.
The large rock barely misses your sixfirhy.
The large rock hits you!
You die...

#.# ######'##...#.##..# #.#
#.......#.........# #.#
#.≈≈≈≈≈.#(C.......###
#.####.≈###≈.#.............
#.#..'.≈# #≈.'....∩....####
#.#.##.≈###≈3#.........#
#.#.##.≈≈≈≈≈.#.........#
#.#.##.......#.........####
#...##....@..#....#........
####!####......)'.......#.####
#.............[.#######.#.#
#...............# #[#.#
#...............# #)#.#
#...............# #.#.#
#...............# #)..#
#.../...........# #.### #
#...............# #.......


You could see a stone giant and a friendly sixfirhy.

Vanquished Creatures
  A bone dragon (Swamp:4)
  A tentacled monstrosity (Swamp:3)
  The ghost of P0WERM0DE the Commander, an adept FoFi of Okawaru (Swamp:1)
  2 thorn hunters
  2 tengu reavers
  2 fire giants
  Kirke (Spider:3)
  A frost giant (Depths:2)
  5 vault wardens
  5 deep elf sorcerers
  A balrug (Depths:1)
  3 emperor scorpions
  2 deep elf elementalists (Elf:3)
  5 very ugly things
  4 ironheart preservers
  4 stone giants
  A vampire knight (Vaults:2)
  2 war gargoyles (D:12)
  5 entropy weavers
  2 deep elf demonologists
  Azrael (D:13)
  3 deep elf annihilators (Elf:3)
  5 deep elf death magi
  4 jiangshi
  3 ettins
  5 fire dragons
  5 yaktaur captains
  A great orb of eyes (Vaults:2)
  A deep elf high priest (Elf:3)
  4 ice dragons
  A rakshasa (Depths:2)
  2 hydras
  5 vault guards
  4 ghost crabs
  2 death knights (Vaults:2)
  8 centaur warriors
  2 shambling mangroves
  22 two-headed ogres
  A merfolk avatar (Lair:6)
  A two-headed ogre (shapeshifter) (Vaults:2)
  12 dancing weapons
  A deep troll shaman (Depths:2)
  6 ogre magi
  A queen ant (Spider:3)
  3 death yaks (Lair:5)
  14 alligators
  6 orc high priests
  11 deep elf knights
  2 sun demons (Depths:1)
  A hell knight (D:15)
  A skeletal warrior (Vaults:2)
  A shadow wraith (Vaults:1)
  5 unseen horrors
  A glowing orange brain (Vaults:1)
  4 deep trolls (Depths:2)
  5 wizards
  5 large abominations (Elf:3)
  2 phantasmal warriors (Swamp:4)
  2 flayed ghosts
  2 swamp dragons
  A spriggan druid (Swamp:4)
  3 spectral hydras (Swamp:4)
  10 ironbrand convokers
  17 orc knights
  A lindwurm (Lair:5)
  9 deep elf archers
  22 wolf spiders
  41 deep elf magi
  9 harpies
  36 ugly things
  3 orc sorcerers
  A spectral alligator (Swamp:1)
  18 orb spiders
  4 manticores
  A moth of wrath (Spider:2)
  4 cyclopes
  2 centaur zombies
  2 elephants (Lair:6)
  A guardian serpent (shapeshifter) (Depths:1)
  5 torpor snails (Lair:5)
  2 vault sentinels
  A black mamba (Lair:2)
  2 spectral spriggans (Swamp:1)
  24 spiny frogs
  10 gargoyles
  5 swamp worm zombies (Swamp:4)
  An efreet (Volcano)
  A kobold demonologist (D:14)
  20 yaktaurs
  2 rime drakes (Lair:6)
  7 freezing wraiths
  8 komodo dragons
  3 tengu conjurers
  9 demonic crawlers
  4 trolls
  24 jumping spiders
  3 meliai (D:14)
  7 hornets
  A troll (shapeshifter) (Depths:1)
  A meliai (shapeshifter) (Vaults:2)
  A raiju (Lair:4)
  2 polar bears (Lair:6)
  3 hydra zombies (Swamp:4)
  8 tyrant leeches
  10 slime creatures
  10 blink frogs (Swamp:3)
  5 dream sheep (Lair:6)
  7 bog bodies
  A spectral tyrant leech (Swamp:1)
  2 alligator zombies (Swamp:4)
  4 hippogriffs
  A human simulacrum (Vaults:2)
  4 spectral swamp dragons
  A fire giant simulacrum (Vaults:1)
  60 redbacks
  5 spriggans (Swamp:4)
  34 tarantellas
  A water elemental (Elf:1)
  A shadow (Swamp:3)
  21 yaks
  2 wraiths
  4 basilisks
  A fire elemental (Volcano)
  9 wyverns
  2 steam dragons (D:10)
  2 hogs (Spider:3)
  7 small abominations (Elf:3)
  A golden eye (shapeshifter) (Elf:1)
  A human (D:13)
  26 vampire mosquitoes
  A hungry ghost (D:9)
  17 swamp worms
  A spectral spiny frog (Swamp:1)
  7 wargs
  10 insubstantial wisps (Swamp:3)
  3 acid dragons
  19 soldier ants (Spider:3)
  10 water moccasins
  4 porcupines
  4 hell hounds (D:13)
  5 swamp drakes
  3 black bears
  5 ice beasts
  43 orc warriors
  4 phantoms
  An alligator simulacrum (Swamp:1)
  A sky beast (D:10)
  3 swamp dragon zombies (Swamp:4)
  2 eyes of draining
  20 ogres
  11 wolves
  A boggart (D:11)
  8 centaurs
  11 crocodiles
  4 big kobolds
  22 bullfrogs
  3 earth elementals
  A water moccasin skeleton (D:6)
  A hornet simulacrum (Swamp:1)
  8 scorpions
  A killer bee (D:12)
  3 electric eels
  8 wights
  6 howler monkeys
  8 crimson imps
  2 bullfrog zombies
  28 orc priests
  10 hounds
  2 jellies (D:12)
  27 orc wizards
  4 centaur skeletons
  4 bullfrog skeletons
  3 iguanas
  3 spectral swamp drakes
  35 worker ants
  A hell rat (Lair:5)
  A howler monkey zombie (D:9)
  Robin (D:1)
  18 adders
  4 gnolls
  6 river rats
  5 shadow imps
  A swamp drake simulacrum (Swamp:1)
  2 oozes
  2 adder skeletons (D:9)
  4 dart slugs
  6 worms
  6 leopard geckos
  144 orcs
  10 ball pythons
  5 giant cockroaches
  14 goblins
  8 hobgoblins
  5 jackals (D:1)
  7 quokkas
  4 bats
  5 frilled lizards
  10 kobolds
  A leopard gecko zombie (D:6)
  27 rats
  3 briar patches (Swamp:4)
  A crawling corpse (Elf:3)
1454 creatures vanquished.

Vanquished Creatures (collateral kills)
  Mara (Vaults:2)
  Saint Roka (Orc:2)
  Rupert (Spider:1)
  A deep elf blademaster (Elf:3)
  A sphinx (Vaults:2)
  A fire giant (Depths:2)
  3 very ugly things
  A deep elf demonologist (Elf:2)
  A deep elf annihilator (Elf:3)
  A deep elf high priest (Elf:3)
  A yaktaur captain (Vaults:2)
  A fire dragon (Vaults:1)
  5 hydras
  A vault guard (Vaults:1)
  A rakshasa (Vaults:2)
  A two-headed ogre (Vaults:2)
  An alligator (Swamp:2)
  A deep elf knight (Elf:2)
  A vampire mage (Depths:2)
  An orc high priest (Orc:2)
  5 skeletal warriors (D:10)
  A flayed ghost (Vaults:2)
  A deep elf archer (Elf:2)
  4 deep elf magi
  A harpy (Vaults:2)
  A manticore (D:13)
  2 orc sorcerers
  7 orc knights
  2 wolf spiders
  4 orb spiders
  3 ugly things
  A vault sentinel (Vaults:2)
  A spiny frog (shapeshifter) (Vaults:2)
  A torpor snail (Lair:5)
  A spiny frog (Lair:4)
  A rime drake (Lair:6)
  A demonic crawler (Spider:2)
  3 komodo dragons
  2 trolls (Orc:2)
  A tyrant leech (Swamp:3)
  4 jumping spiders
  7 blink frogs (Lair:2)
  A hippogriff (Lair:4)
  A bog body (Swamp:1)
  4 slime creatures
  2 dream sheep (Lair:6)
  3 redbacks
  5 tarantellas
  9 yaks
  A wyvern (Lair:4)
  A steam dragon (D:8)
  A hungry ghost (D:11)
  A warg (Orc:2)
  12 orc warriors
  A porcupine (Lair:5)
  A swamp dragon zombie (Swamp:4)
  A black bear (D:13)
  An eye of draining (D:13)
  4 ogres
  A crocodile (Lair:2)
  3 bullfrogs
  2 wights (D:11)
  A bullfrog zombie (D:12)
  3 orc wizards
  7 orc priests
  A bullfrog skeleton (D:13)
  A shadow imp (D:12)
  An ooze (Sewer)
  13 orcs
  A ball python (Sewer)
  A frilled lizard (Sewer)
  A kobold (D:14)
  4 crawling corpses (Elf:3)
169 creatures vanquished.

Vanquished Creatures (others)
  2 deep elf blademasters (Elf:3)
  A deep elf sorcerer (Elf:3)
  5 emperor scorpions
  3 ghost moths (Spider:4)
  3 deep elf elementalists (Elf:3)
  An entropy weaver (Spider:3)
  5 deep elf annihilators (Elf:3)
  A deep elf death mage (Elf:3)
  5 deep elf high priests (Elf:3)
  15 hydras
  A deep elf knight (Elf:3)
  A fire crab (shapeshifter) (Elf:3)
  A wizard (Vaults:1)
  2 deep elf archers (Elf:3)
  2 orb spiders
  4 deep elf magi (Elf:3)
  2 wolf spiders
  A hornet (Swamp:4)
  2 jumping spiders (Spider:4)
  An air elemental (Elf:3)
  A fire elemental (Elf:3)
  2 humans (Spider:4)
  8 insubstantial wisps (Swamp:4)
  2 orc warriors (D:6)
  4 orc priests
  2 orc wizards (D:13)
  2 orcs
  A briar patch (Swamp:4)
  64 fungi
  65 plants
  6 starspawn tentacles
215 creatures vanquished.

Grand Total: 1838 creatures vanquished

Notes
Turn   | Place    | Note
-------+----------+-------------------------------------------
     0 | Abyss:1  | MagicGaucho the Demonspawn Abyssal Knight began the quest
                  | for the Orb.
     0 | Abyss:1  | Reached XP level 1. HP: 18/18 MP: 2/2
    20 | D:1      | Escaped the Abyss
   440 | D:1      | Gained mutation: You regenerate a little health from kills.
                  | [demonic ancestry]
   440 | D:1      | Reached XP level 2. HP: 16/24 MP: 4/4
  1254 | D:2      | Noticed Robin
  1319 | D:1      | Reached ** piety under Lugonu
  1538 | D:2      | Gained mutation: You regenerate health from kills. [demonic
                  | ancestry]
  1538 | D:2      | Reached XP level 3. HP: 23/29 MP: 5/5
  1595 | D:1      | Killed Robin
  2166 | D:2      | Found a glowing golden altar of the Shining One.
  2172 | D:2      | Found a hide-covered altar of Uskayaw.
  2274 | D:2      | Found a faded altar of an unknown god.
  2480 | D:2      | Reached XP level 4. HP: 32/35 MP: 6/6
  3084 | D:3      | Found a shadowy altar of Dithmenos.
  3117 | D:3      | Reached XP level 5. HP: 42/42 MP: 7/7
  3217 | D:3      | Reached *** piety under Lugonu
  3250 | D:3      | Reached skill level 4 in Fighting
  3993 | D:3      | Reached XP level 6. HP: 48/48 MP: 9/9
  4083 | D:4      | Found a runed translucent door.
  4084 | D:4      | Noticed paperworker's ghost (amateur VSFi)
  4314 | D:4      | Found a sacrificial altar of Ru.
  4314 | D:4      | Found an ornate altar of the Wu Jian Council.
  4892 | D:4      | Found a runed translucent door.
  4893 | D:4      | Noticed Crazy Yiuf
  4985 | D:4      | Reached skill level 5 in Invocations
  5126 | D:4      | Found a staircase to the Ecumenical Temple.
  5224 | D:5      | Entered Level 5 of the Dungeon
  5224 | D:5      | Found Ozuuwyf's Gadget Shoppe.
  5280 | D:5      | Found a shadowy altar of Dithmenos.
  5282 | D:5      | Found a bloodstained altar of Trog.
  5282 | D:5      | Found a radiant altar of Vehumet.
  5291 | D:5      | Found a shadowy altar of Dithmenos.
  5291 | D:5      | Found an ornate altar of the Wu Jian Council.
  5291 | D:5      | Found a shimmering altar of Xom.
  5331 | D:5      | Reached skill level 5 in Polearms
  5394 | D:5      | Gained mutation: A weak demonic guardian rushes to your
                  | aid. [demonic ancestry]
  5394 | D:5      | Reached XP level 7. HP: 28/55 MP: 10/10
  6142 | D:5      | Reached skill level 5 in Fighting
  6463 | D:6      | Found Verhot's Armour Shop.
  6510 | D:6      | Reached XP level 8. HP: 32/63 MP: 12/12
  6589 | D:6      | Found a glowing drain.
  6593 | Sewer    | Entered a sewer
  6644 | Sewer    | Reached **** piety under Lugonu
  7196 | D:6      | Reached skill level 6 in Fighting
  7369 | D:6      | Found a shattered altar of Ashenzari.
  7369 | D:6      | Found a radiant altar of Vehumet.
  7940 | D:7      | Found Ipseum's Armour Boutique.
  8998 | D:7      | Reached XP level 9. HP: 71/71 MP: 14/14
  9115 | D:8      | Found an iron altar of Okawaru.
  9299 | D:8      | Found a blossoming altar of Fedhas.
  9604 | D:8      | Found a hazy altar of Hepliaklqana.
  9807 | D:8      | Reached skill level 7 in Fighting
 10165 | D:9      | Reached ***** piety under Lugonu
 10377 | D:9      | Found a snail-covered altar of Cheibriados.
 10619 | D:9      | Noticed a two-headed ogre
 10630 | D:9      | Killed a two-headed ogre
 11101 | D:9      | HP: 3/74 [orc warrior/+0 flail (16)]
 11108 | D:9      | HP: 3/74 [poisoned by a worker ant]
 11473 | D:9      | Gained mutation: You have a pair of small antennae on your
                  | head. [demonic ancestry]
 11473 | D:9      | Reached XP level 10. HP: 33/80 MP: 17/17
 11554 | D:9      | Noticed Psyche
 12017 | D:10     | Entered Level 10 of the Dungeon
 12052 | D:10     | Found Fogol's Antique Weapon Boutique.
 12107 | D:10     | Found Dotaozun's Distillery.
 12118 | D:10     | Reached skill level 8 in Fighting
 12141 | D:10     | Reached skill level 10 in Invocations
 12446 | D:10     | Found Imiaf's Armour Boutique.
 12543 | D:10     | Noticed a gargoyle
 12561 | D:10     | Killed a gargoyle
 12561 | D:10     | Reached skill level 10 in Polearms
 12925 | D:9      | Banished Psyche
 13299 | D:10     | Reached skill level 9 in Fighting
 13567 | D:10     | Noticed a skeletal warrior
 13573 | D:10     | Noticed a skeletal warrior
 13573 | D:10     | Noticed a skeletal warrior
 13738 | D:10     | Noticed a two-headed ogre
 13766 | D:10     | Found a staircase to the Lair.
 14084 | D:10     | Noticed a skeletal warrior
 14456 | D:11     | Found a blossoming altar of Fedhas.
 14456 | D:11     | Found a shattered altar of Ashenzari.
 14457 | D:11     | Noticed a cyclops
 14463 | D:11     | Noticed a tengu reaver
 14465 | D:11     | Noticed a flayed ghost
 14468 | D:11     | Killed a cyclops
 14477 | D:11     | Killed a flayed ghost
 14477 | D:11     | Gained mutation: A demonic guardian rushes to your aid.
                  | [demonic ancestry]
 14477 | D:11     | Reached XP level 11. HP: 11/89 MP: 19/19
 14486 | D:11     | Banished a tengu reaver
 14660 | D:11     | Noticed a centaur warrior
 15039 | D:11     | Found a staircase to the Orcish Mines.
 15159 | D:11     | Killed a centaur warrior
 15159 | D:11     | Reached skill level 10 in Fighting
 16127 | D:10     | Found Numeiff's Assorted Antiques.
 16138 | D:10     | Killed a two-headed ogre
 16191 | D:10     | Killed an unseen horror
 16562 | Lair:1   | Entered Level 1 of the Lair of Beasts
 17002 | D:7      | Bought the +6 plate armour of the Trees {Regen+ Slay+6} for
                  | 1022 gold pieces
 17097 | D:10     | Noticed a skeletal warrior
 17103 | D:10     | Killed a skeletal warrior
 17113 | D:10     | Killed a skeletal warrior
 17160 | D:10     | Killed a skeletal warrior
 17165 | D:10     | Killed a skeletal warrior
 17170 | D:10     | Killed a skeletal warrior
 17615 | Lair:1   | Noticed a five-headed hydra
 17621 | Lair:1   | Reached skill level 11 in Fighting
 17625 | Lair:1   | Killed a five-headed hydra
 17625 | Lair:1   | Reached XP level 12. HP: 100/100 MP: 22/22
 19514 | Lair:4   | Noticed Sonja
 19517 | Lair:4   | Noticed Sonja
 19517 | Lair:4   | Sonja changed into Sonja the raiju
 19529 | Lair:4   | Killed Sonja the raiju
 19619 | Lair:4   | Found a hole to the Spider Nest.
 19647 | Lair:4   | Found a staircase to the Swamp.
 19709 | Lair:4   | Reached skill level 12 in Fighting
 19844 | Lair:4   | Reached skill level 15 in Invocations
 20248 | Lair:5   | Noticed an eight-headed hydra
 20250 | Lair:5   | Banished an eight-headed hydra
 20368 | Lair:5   | Found a dark tunnel.
 20375 | Volcano  | Entered a volcano
 20398 | Volcano  | Noticed a stone giant
 20415 | Volcano  | Banished a stone giant
 20839 | Lair:5   | Found a runed translucent door.
 20839 | Lair:5   | Found a viscous altar of Jiyva.
 20839 | Lair:5   | Found a staircase to the Slime Pits.
 20940 | Lair:5   | Found a snail-covered altar of Cheibriados.
 21032 | Lair:5   | Gained mutation: You have a pair of antennae on your head.
                  | [demonic ancestry]
 21032 | Lair:5   | Reached XP level 13. HP: 104/109 MP: 24/24
 21195 | Lair:5   | Reached skill level 13 in Fighting
 21635 | Lair:6   | Entered Level 6 of the Lair of Beasts
 22430 | Lair:6   | Identified Sif Muna's Catalogue of Fiery Stones
 22516 | Lair:6   | Reached ****** piety under Lugonu
 22603 | Lair:6   | Reached skill level 14 in Fighting
 23170 | Orc:1    | Entered Level 1 of the Orcish Mines
 23341 | Orc:1    | Found Uhaul's Jewellery Boutique.
 23354 | Orc:1    | Found a transporter.
 23365 | Orc:1    | Found a transporter.
 23571 | Orc:1    | Reached skill level 1 in Dodging
 23669 | Orc:1    | Noticed yrara's ghost (journeyman DsFi)
 23710 | Orc:2    | Entered Level 2 of the Orcish Mines
 23818 | Orc:2    | Noticed Nessos
 24009 | Orc:2    | Banished Nessos
 24310 | Orc:2    | Noticed Saint Roka
 24336 | Orc:2    | Killed Saint Roka
 24336 | Orc:2    | Reached XP level 14. HP: 74/121 MP: 26/26
 25596 | Orc:2    | Found a staircase to the Elven Halls.
 25761 | Orc:2    | Found Dizumeno's Book Boutique.
 25764 | Orc:2    | Found Bakk's Distillery.
 25765 | Orc:2    | Found Jofeucw's Armour Boutique.
 25766 | Orc:2    | Found Ykadgh's Book Shop.
 26276 | D:12     | Noticed a war gargoyle
 26294 | D:12     | Killed a war gargoyle
 26294 | D:12     | Reached skill level 15 in Fighting
 26294 | D:12     | Noticed a war gargoyle
 26298 | D:12     | Killed a war gargoyle
 26852 | D:12     | Reached skill level 5 in Armour
 27011 | D:12     | Got a polished rapier
 27012 | D:12     | Identified the +5 rapier "Rivir" {speed, rN+} (You found it
                  | on level 12 of the Dungeon)
 27118 | D:13     | Reached skill level 5 in Dodging
 27309 | D:13     | Noticed Azrael
 27323 | D:13     | Killed Azrael
 27592 | D:13     | Gained mutation: You are partially covered in thin metallic
                  | scales. (AC +2) [demonic ancestry]
 27592 | D:13     | Reached XP level 15. HP: 109/129 MP: 28/28
 27661 | D:13     | Found a gate to the Vaults.
 29331 | D:14     | Found a portal to a secret trove of treasure.
 29438 | D:15     | Entered Level 15 of the Dungeon
 29863 | D:15     | Found a staircase to the Depths.
 29997 | D:15     | Found a basalt altar of Yredelemnul.
 30388 | Orc:2    | Bought the +2 ratskin cloak {+Rats rPois rN+ Str-1 Int-1
                  | Dex+1} for 333 gold pieces
 30388 | Orc:2    | Found the +2 ratskin cloak {+Rats rPois rN+ Str-1 Int-1
                  | Dex+1}
 30642 | Spider:1 | Entered Level 1 of the Spider Nest
 31028 | Lair:4   | Reached skill level 1 in Staves
 31256 | Spider:1 | Noticed Rupert
 31413 | Spider:1 | Killed Rupert
 31514 | Spider:1 | HP: 6/130 [wolf spider (12)]
 32838 | Spider:2 | Reached skill level 16 in Fighting
 33046 | Spider:2 | Gained mutation: Your flesh is cold resistant. (rC+)
                  | [demonic ancestry]
 33046 | Spider:2 | Reached XP level 16. HP: 138/138 MP: 29/29
 33568 | Spider:3 | Reached skill level 5 in Staves
 34444 | Spider:4 | Entered Level 4 of the Spider Nest
 34650 | Spider:4 | Noticed Kirke
 34779 | Spider:3 | Killed Kirke
 35811 | Spider:4 | Corrupted Spider:4
 35811 | Spider:4 | Noticed a tentacled starspawn
 35813 | Spider:4 | Noticed a tentacled starspawn
 36161 | Spider:4 | Got a gossamer rune of Zot
 36346 | Swamp:1  | Entered Level 1 of the Swamp
 36697 | Swamp:1  | Found a runed translucent gate.
 36697 | Swamp:1  | Found a runed translucent gate.
 36697 | Swamp:1  | Found a runed translucent gate.
 36697 | Swamp:1  | Noticed P0WERM0DE's ghost (adept FoFi)
 36868 | Swamp:1  | Found a deep blue altar of Sif Muna.
 37218 | Swamp:1  | Killed P0WERM0DE's ghost
 37218 | Swamp:1  | Reached XP level 17. HP: 134/146 MP: 31/31
 37747 | Swamp:2  | Found a runed translucent door.
 37857 | Swamp:2  | Noticed guttsta's ghost (adept GnWn)
 38280 | Swamp:3  | Reached skill level 17 in Fighting
 38553 | Swamp:3  | Noticed a tentacled monstrosity
 38982 | Swamp:3  | Killed a tentacled monstrosity
 39189 | Swamp:4  | Entered Level 4 of the Swamp
 39379 | Swamp:4  | Reached skill level 10 in Staves
 39897 | Swamp:4  | Reached skill level 10 in Armour
 39973 | Swamp:4  | Noticed a bone dragon
 40005 | Swamp:4  | Killed a bone dragon
 40110 | Swamp:4  | Got a decaying rune of Zot
 40435 | Vaults:1 | Entered Level 1 of the Vaults
 40467 | Vaults:1 | Reached skill level 10 in Dodging
 40725 | Vaults:1 | Reached XP level 18. HP: 156/156 MP: 32/32
 40854 | Vaults:1 | Reached skill level 18 in Fighting
 40998 | Vaults:1 | You fall through a shaft!
 41154 | Vaults:2 | Found a staircase to the Crypt.
 41393 | Vaults:2 | Found Tiblu's Antique Weapon Boutique.
 41597 | Vaults:2 | Noticed Mara
 41609 | Vaults:2 | Noticed MagicGaucho's illusion
 41911 | Vaults:2 | Reached skill level 19 in Fighting
 41914 | Vaults:2 | Noticed MagicGaucho's illusion
 42128 | Vaults:1 | Gained mutation: You are immune to freezing clouds.
                  | [demonic ancestry]
 42128 | Vaults:1 | Reached XP level 19. HP: 110/167 MP: 33/33
 42703 | Vaults:1 | Found the +5 pair of quick blades "Gyre" and "Gimble"
                  | {pierce, Dex-3}
 42906 | Vaults:2 | Noticed Sojobo
 43279 | Vaults:3 | Noticed Xtahua
 43339 | Vaults:2 | Noticed MagicGaucho's illusion
 43364 | Vaults:2 | Killed Mara
 43754 | Elf:1    | Entered Level 1 of the Elven Halls
 44142 | Elf:1    | Reached skill level 20 in Fighting
 44238 | Elf:1    | You fall through a shaft!
 44382 | Elf:2    | Found a runed translucent gate.
 44382 | Elf:2    | Found a runed translucent gate.
 44382 | Elf:2    | Found a runed translucent gate.
 45128 | Elf:3    | Entered Level 3 of the Elven Halls
 45142 | Elf:3    | Found Byogomer's Assorted Antiques.
 45182 | Elf:3    | Bought a steaming lajatang for 460 gold pieces
 45182 | Elf:3    | Identified the cursed +3 lajatang of Fabuc {freeze, +Blink
                  | rF- SInv} (You bought it in a shop on level 3 of the Elven
                  | Halls)
 46001 | Elf:3    | Corrupted Elf:3
 46003 | Elf:3    | Noticed a bone dragon
 46262 | Elf:3    | Got a wavering silver ring
 46343 | Elf:3    | Identified the +12 broad axe "Tekkim" {chop, +Inv rN+ MR-
                  | Str+2}
 46364 | Elf:3    | Cast into level 3 of the Abyss (a deep elf sorcerer)
 46365 | Elf:3    | Escaped the Abyss
 46376 | Elf:3    | Reached XP level 20. HP: 156/178 MP: 34/34
 46502 | Elf:3    | Identified Wotuos's Volume of Attacks and Clay
 47079 | Depths:1 | Entered Level 1 of the Depths
 47117 | Depths:1 | Found Tenou's Weapon Emporium.
 47117 | Depths:1 | Found Niegres's Armour Shoppe.
 47500 | Depths:1 | Found a gateway to Hell.
 47929 | Depths:2 | Found a gateway to a ziggurat.
 48097 | Depths:2 | Identified the cursed ring "Podivata" {rF+ rN+ Str-5 Int-4}
                  | (You found it on level 3 of the Elven Halls)
 48121 | Depths:2 | Found a corrupted altar of Lugonu.
 48121 | Depths:2 | Found a one-way gate to the infinite horrors of the Abyss.
 48228 | Depths:2 | Reached skill level 21 in Fighting
 48537 | Depths:2 | HP: 9/180 [stone giant/large rock (29)]
 48537 | Depths:2 | Hit by a large rock thrown by a stone giant

Skill      XL: |  1  2  3  4  5  6  7  8  9 10 11 12 13 14 15 16 17 18 19 20 |
---------------+-------------------------------------------------------------+-----
Polearms       | 2 3 4 5 6 7 9 10 11 12 | 12.0
Invocations    | 3 4 5 6 7 9 11 13 15 17 18 19 20 | 20.0
Fighting       | 4 5 6 7 9 11 12 14 15 16 17 19 20 21 | 21.0
Dodging        | 2 5 7 8 10 11 13 | 13.8
Armour         | 2 5 7 9 10 11 13 | 13.9
Staves         | 4 8 10 12 | 12.1

Action                   |  1- 3 |  4- 6 |  7- 9 | 10-12 | 13-15 | 16-18 | 19-21 || total
-------------------------+-------+-------+-------+-------+-------+-------+-------++-------
Melee: Spear             |   155 |   339 |   891 |       |       |       |       ||  1385
       Lajatang          |       |       |    50 |   851 |  1844 |  2095 |   949 ||  5789
Throw: Stone             |       |       |       |    10 |       |       |       ||    10
Invok: Banish            |       |     2 |     4 |     8 |    11 |    24 |       ||    49
       Corrupt           |       |       |       |       |       |     1 |     1 ||     2
       Depart the Abyss  |       |       |       |       |       |       |     1 ||     1
Evoke: Wand              |       |       |    17 |    16 |    16 |    10 |     4 ||    63
  Use: Scroll            |     2 |     9 |     6 |     2 |    18 |    10 |    10 ||    57
       Potion            |       |     1 |       |     4 |     5 |     6 |     1 ||    17
 Stab: Distracted        |       |       |       |     3 |     6 |     5 |     2 ||    16
       Invisible         |       |       |       |       |     5 |       |       ||     5
       Confused          |       |       |       |       |       |     1 |       ||     1
  Eat: Chunk             |     3 |    12 |    17 |    27 |    28 |    25 |    11 ||   123
       Ration            |       |       |     3 |     2 |     5 |     4 |     3 ||    17
Armor: Ring mail         |    41 |    79 |    15 |       |       |       |       ||   135
       Leather armour    |     2 |       |       |       |       |       |       ||     2
       Skin              |       |    11 |       |       |       |       |       ||    11
       Scale mail        |       |       |   290 |   158 |       |       |       ||   448
       Plate armour      |       |       |       |   153 |  1421 |  1455 |   393 ||  3422
Dodge: Dodged            |    57 |   136 |   320 |   210 |   619 |   852 |   237 ||  2431
